 Dungeon Crawl Stone Soup version 0.22.1-2-g9c5b331 (webtiles) character file.

227 Fang the Chopper (level 6, -4/38 HPs)
             Began as a Gargoyle Berserker on Nov 13, 2018.
             Was a Priest of Trog.
             Slain by a worker ant (5 damage)
             ... on level 3 of the Dungeon.
             The game lasted 00:03:22 (2695 turns).

Fang the Chopper (Gargoyle Berserker)               Turns: 2695, Time: 00:03:22

Health: -4/38      AC:  7    Str: 23    XL:     6   Next: 2%
Magic:  6/6        EV: 12    Int:  7    God:    Trog [***...]
Gold:   101        SH:  0    Dex:  9    Spells: 5/5 levels left

rFire    . . .     SeeInvis .   a - +0 hand axe
rCold    . . .     Gourm    .   (no shield)
rNeg     + . .     Faith    .   h - +0 leather armour (curse)
rPois    ∞         Spirit   .   (no helmet)
rElec    +         Reflect  .   (no cloak)
rCorr    .         Harm     .   (no gloves)
MR       .....                  (no boots)
Stlth    +.........             (no amulet)
HPRegen  0.12/turn              (no ring)
MPRegen  0.10/turn              (no ring)

@: berserk cooldown, slowed, very slow
A: negative energy resistance 1, electricity resistance, unbreathing,
petrification resistance, rot immunity, AC +4
a: Berserk, Trog's Hand, Renounce Religion


You were on level 3 of the Dungeon.
You worshipped Trog.
Trog was most pleased with you.
You were near starving.

You visited 1 branch of the dungeon, and saw 4 of its levels.

You collected 101 gold pieces.

Inventory:

Hand Weapons
 a - a +0 hand axe (weapon)
Armour
 h - a cursed +0 leather armour (worn)
Jewellery
 b - an uncursed ring of stealth {unknown}
 g - a +2 ring of dexterity {unknown}
Scrolls
 e - 2 scrolls of teleportation {unknown}
 f - 4 scrolls of identify {unknown}
 j - a scroll of blinking {unknown}
 m - a scroll of amnesia {unknown}
 o - 3 scrolls of remove curse {unknown}
 p - a scroll of enchant armour {unknown}
Potions
 d - a potion of agility {unknown}
 i - a potion of curing {unknown}
 k - 3 potions of brilliance {unknown}
 l - a potion of invisibility {unknown}
 n - 2 potions of heal wounds {unknown}
Comestibles
 c - 12 rations


   Skills:
 + Level 4.3 Fighting
 + Level 4.4 Axes
 + Level 3.1 Armour
 + Level 2.4 Dodging
 + Level 0.8 Stealth


You had 5 spell levels left.
You didn't know any spells.
Your spell library was empty.

Dungeon Overview and Level Annotations

Branches:
Dungeon (4/15)
 Temple: D:4-7

Altars:
Hepliaklqana
Vehumet
Xom
The Shining One


Innate Abilities, Weirdness & Mutations

You are resistant to torment.
Your stone body is resilient. (AC +4)
You are immune to poison.
You resist negative energy. (rN+)
You are resistant to electric shocks. (rElec)
You can survive without breathing.
You are immune to petrification.
You are immune to rotting.


Message History

* * * LOW HITPOINT WARNING * * *
You hit the worker ant but do no damage.
The worker ant is moderately wounded.
The worker ant barely misses you.
The worker ant bites you but does no damage.
You hit the worker ant.
The worker ant is heavily wounded.
The worker ant misses you. The worker ant barely misses you.
You hit the worker ant but do no damage.
The worker ant is heavily wounded.
The worker ant misses you. The worker ant barely misses you.
You completely miss the worker ant.
The worker ant is heavily wounded.
The worker ant bites you but does no damage. x2
You closely miss the worker ant.
The worker ant is heavily wounded.
The worker ant bites you.
* * * LOW HITPOINT WARNING * * *
The worker ant bites you.
You die...

#...#### #..§...#
#..§§§.## ##.$._...#
#...§.§..# #.#..§.§.#
#...#.##.#
#.#.#..##################
#.#....a@................
#)#####.#################
#.# #.# # ####'#####.#
#........#.# #........#.#
#........#.######### ####
#........#.#≈≈≈≈≈≈≈# #...
####'#####.#≈.....≈# #...


You could see a worker ant.

Vanquished Creatures
  A howler monkey (D:4)
  8 gnolls
  2 adders (D:2)
  An adder skeleton (D:4)
  4 worms
  3 leopard geckos
  7 orcs
  2 giant cockroaches (D:2)
  12 goblins
  7 hobgoblins
  11 kobolds
  A quokka (D:2)
  8 bats
  2 frilled lizards
  6 rats
75 creatures vanquished.

Notes
Turn   | Place    | Note
-------+----------+-------------------------------------------
     0 | D:1      | Fang the Gargoyle Berserker began the quest for the Orb.
     0 | D:1      | Reached XP level 1. HP: 14/14 MP: 1/1
   190 | D:1      | Reached XP level 2. HP: 18/19 MP: 2/2
   699 | D:2      | Reached XP level 3. HP: 13/24 MP: 3/3
   704 | D:2      | Reached ** piety under Trog
   943 | D:2      | Reached XP level 4. HP: 15/29 MP: 4/4
  1466 | D:2      | Found a hazy altar of Hepliaklqana.
  1467 | D:2      | Found a shimmering altar of Xom.
  1467 | D:2      | Noticed an earth elemental
  1468 | D:2      | Noticed a spectral ugly thing
  1468 | D:2      | Noticed an earth elemental
  1636 | D:2      | Found a glowing golden altar of the Shining One.
  1878 | D:3      | Reached XP level 5. HP: 24/33 MP: 5/5
  2493 | D:3      | Found a radiant altar of Vehumet.
  2674 | D:4      | Reached *** piety under Trog
  2679 | D:4      | Reached XP level 6. HP: 18/38 MP: 6/6
  2695 | D:3      | HP: 1/38 [worker ant (4)]
  2695 | D:3      | Slain by a worker ant

Skill      XL: |  1  2  3  4  5 |
---------------+----------------+-----
Axes           | 3 4 |  4.4
Dodging        | 2 |  2.4
Fighting       | 4 |  4.3
Armour         | 3 |  3.1
Stealth        | |  0.8

Action                   |  1- 3 |  4- 6 || total
-------------------------+-------+-------++-------
Melee: Hand axe          |    74 |   119 ||   193
Invok: Berserk           |     2 |     2 ||     4
  Eat: Chunk             |     1 |     7 ||     8
Armor: Animal skin       |     1 |       ||     1
       Leather armour    |    43 |    55 ||    98
Dodge: Dodged            |    56 |   109 ||   165
